 Dungeon Crawl Stone Soup version 0.30.1-11-g7821555f0a (webtiles) character file.

Game seed: 4838767045302116477

105 Dillybarz the Shield-Bearer (level 4, -4/41 HPs)
             Began as a Minotaur Fighter on Oct 31, 2023.
             Blown up by Ijyb (16 damage)
             ... with a mindburst bolt
             ... on level 3 of the Dungeon.
             The game lasted 00:05:40 (1983 turns).

Dillybarz the Shield-Bearer (Minotaur Fighter)      Turns: 1983, Time: 00:05:40

Health: -4/41      AC:  7    Str: 22    XL:     4   Next: 53%
Magic:  3/3        EV:  9    Int:  5    God:
Gold:   179        SH:  4    Dex: 10    Spells: 3/3 levels left

rFire   . . .        a - +0 war axe
rCold   . . .        c - +0 buckler
rNeg    . . .        b - +0 scale mail
rPois   .            (helmet restricted)
rElec   .            (no cloak)
rCorr   .            (no gloves)
SInv    .            (no boots)
Will    .....        (no amulet) Stlth
                     (no ring)
HPRegen 0.26/turn    (no ring)
MPRegen 0.08/turn

%: no passive effects
@: no status effects
A: horns 2, retaliatory headbutt
a: no special abilities


You were on level 3 of the Dungeon.
You visited 1 branch of the dungeon, and saw 3 of its levels.

You collected 179 gold pieces.

Inventory:

Hand Weapons
 a - a +0 war axe (weapon)
Missiles
 f - 3 poisoned darts
 h - 2 atropa-tipped darts (quivered)
 k - 24 stones
Armour
 b - a +0 scale mail (worn)
 c - a +0 buckler (worn)
Wands
 i - a wand of flame (16)
Scrolls
 m - a scroll of magic mapping
 o - a scroll of teleportation
Potions
 d - 2 potions of might
 e - a potion of curing {unknown}
 g - a potion of heal wounds {unknown}
 j - a potion of cancellation {unknown}
 p - 2 potions of haste {unknown}


   Skills:
 + Level 4.3 Fighting
 * Level 4.1 Axes
 + Level 4.3 Armour
 + Level 4.4 Shields


You had 3 spell levels left.
You didn't know any spells.
Your spell library contained the following spells:

 Spells                   Type           Power      Damage    Failure   Level
 Ensorcelled Hibernation  Hex/Ice        0%         N/A       94%         2
 Spider Form              Tmut/Pois      0%         N/A       99%         3
 Anguish                  Hex/Necr       0%         N/A       100%        4
 Passage of Golubria      Tloc           0%         N/A       100%        4
 Silence                  Hex/Air        0%         N/A       100%        5
 Lehudib's Crystal Spear  Conj/Erth      0%         10d2      100%        8


Dungeon Overview and Level Annotations

Branches:
Dungeon (3/15)

Altars:

Annotations:
D:3 Ijyb, Robin


Innate Abilities, Weirdness & Mutations

You have a pair of horns on your head.
You reflexively headbutt those who attack you in melee.


Message History

The bat barely misses you.
You hit the bat but do no damage. The bat hits you but does no damage. x2
You slash the bat!
You kill the bat!
Found 10 gold pieces.
A frilled lizard comes into view.
The frilled lizard hisses angrily.
You block the frilled lizard's attack.
You slash the frilled lizard!
You kill the frilled lizard!
You see here a frilled lizard corpse.
You now have 169 gold pieces (gained 10).
You now have 179 gold pieces (gained 10).
A kobold comes into view. It is wielding a +0 dagger.
The kobold shouts!
A goblin comes into view. It is wielding a +0 club.
Robin of the Strong Arm comes into view.
They are wielding a +0 trident.
The goblin shouts!
Robin shouts!
Ijyb the Twisted Goblin comes into view.
She is wielding a +0 club and carrying a wand of mindburst (19).
Robin throws Ijyb at you!
You closely miss Ijyb.
A hobgoblin comes into view. x2
Ijyb hits you with a +0 club.
A hobgoblin comes into view.
Ijyb zaps a wand.
Your mind is blasted!
The hobgoblin moves out of view. x2
The hobgoblin shouts!
You hit Ijyb but do no damage.
You hear a shout! x2
A hobgoblin comes into view.
Ijyb zaps a wand.
Your mind is blasted!
* * * LOW HITPOINT WARNING * * *
The hobgoblin shouts!
You hit Ijyb but do no damage. You headbutt Ijyb!
Ijyb is heavily wounded.
You block Ijyb's attack.
You barely miss Ijyb.
Ijyb is heavily wounded.
The hobgoblin shouts!
The adder hisses angrily.
Ijyb zaps a wand.
Your mind is blasted!
You die...

#.# ##..# #.#
*<**********#. #.#
##.### #.#
*,,,,,,,,,,,.. #.#
#...###.#
************## #.#
###...#.# *... #.#
###...# *.## #.#
##..# *,* #.# ##.####
*,*
#.###########....#
*,*
#.............##@#**
*,*
################.gK#*
*,* ,,* ###g.# *,*
*,* *#g# *,* *,*
*,.#******* *,* *,*
*,,S,,,,,,* *,* *,*
*,,,g,,,,,***,* *,*
*,,,..,,,,,**,* *,*
*,,,,,,,,,,**,*


You could see Ijyb, Robin, an adder, a hobgoblin, a goblin and a kobold.

Vanquished Creatures
  Terence (D:3)
  4 adders (D:2)
  A worm (D:2)
  3 dart slugs
  7 endoplasms
  3 giant cockroaches (D:1)
  A goblin (D:1)
  A hobgoblin (D:3)
  A kobold (D:1)
  3 quokkas
  5 ball pythons
  4 bats
  3 frilled lizards
  2 rats (D:1)
39 creatures vanquished.

Notes
Turn   | Place    | Note
-------+----------+-------------------------------------------
     0 | D:1      | Dillybarz the Minotaur Fighter began the quest for the Orb.
     0 | D:1      | Reached XP level 1. HP: 19/19 MP: 0/0
   155 | D:1      | Reached XP level 2. HP: 27/27 MP: 1/1
   866 | D:2      | Reached XP level 3. HP: 33/33 MP: 2/2
   872 | D:2      | Found a faded altar of an unknown god.
  1451 | D:2      | Reached XP level 4. HP: 40/40 MP: 3/3
  1778 | D:3      | Noticed Terence
  1787 | D:3      | Killed Terence
  1979 | D:3      | Noticed Robin
  1979 | D:3      | Noticed Ijyb
  1983 | D:3      | Blown up by Ijyb

Illustrated notes

Levels and vault maps discovered:
D:1:      dpeg_arrival_signposts, layout_loops_cross, minmay_misc_feat_tower,
          chequers_hall_statues_y
D:2:      layout_loops_ring, nicolae_ecumenical_snake_handling
D:3:      layout_basic, nicolae_goblin_pals, uniq_terence

Skill      XL: |  1  2  3  4 |
---------------+-------------+-----
Axes           | 3 4 |  4.1
Shields        | 4 |  4.4
Fighting       | 4 |  4.3
Armour         | 4 |  4.3

Action                     |  1- 3 |  4- 6 || total
---------------------------+-------+-------++-------
  Melee: War axe           |    60 |    13 ||    73
         Headbutt          |     8 |     3 ||    11
    Use: Scroll            |     2 |     4 ||     6
 Armour: Scale mail        |    22 |     4 ||    26
  Dodge: Dodged            |    38 |     6 ||    44
  Block: Buckler           |     8 |     3 ||    11
